 Dungeon Crawl Stone Soup version 0.29-a0-110-g189f89ecda (webtiles) character file.

Game seed: 11804041391985785417

8 Essalna the Digger (level 2, 6/19 HPs)
             Began as a Demonspawn Earth Elementalist on Feb 17, 2022.
             Got out of the dungeon alive.
             The game lasted 00:00:40 (326 turns).

Essalna the Digger (Demonspawn Earth Elementalist)   Turns: 326, Time: 00:00:40

Health: 6/19       AC:  2    Str:  8    XL:     2   Next: 0%
Magic:  5/5        EV: 12    Int: 16    God:
Gold:   15         SH:  0    Dex: 13    Spells: 4/5 levels left

rFire   . . .      SeeInvis .   d - +0 war axe
rCold   . . .      Faith    .   (no shield)
rNeg    . . .      Spirit   .   b - +0 robe
rPois   .          Reflect  .   (no helmet)
rElec   .          Harm     .   (no cloak)
rCorr   .          Rampage  .   (no gloves)
Will    .....                   (no boots)
Stlth   ++........              (no amulet)
HPRegen 0.06/turn               (no ring)
MPRegen 0.09/turn               (no ring)

@: no status effects
A: hooves 1
a: no special abilities


You escaped.
You visited 1 branch of the dungeon, and saw 1 of its levels.

You collected 15 gold pieces.

Inventory:

Hand Weapons
 d - a +0 war axe (weapon)
Missiles
 c - 38 stones
Armour
 b - a +0 robe (worn)
Scrolls
 a - a scroll of enchant armour {unknown}


   Skills:
 - Level 1.7 Dodging
 - Level 1.7 Stealth
 + Level 2.3 Spellcasting
 - Level 0.8 Transmutations
 + Level 3.0 Earth Magic


You had 4 spell levels left.
You knew the following spells:

 Your Spells              Type           Power      Damage    Failure   Level
a - Sandblast             Erth           22%        2d7       6%          1

Your spell library contained the following spells:

 Spells                   Type           Power      Damage    Failure   Level
 Passwall                 Tmut/Erth      6%         N/A       14%         2
 Stone Arrow              Conj/Erth      12%        3d7       32%         3
 Petrify                  Tmut/Erth      8%         N/A       65%         4


Dungeon Overview and Level Annotations

Branches:
Dungeon (1/15)

Altars:


Innate Abilities, Weirdness & Mutations

You have large cloven feet.


Message History

You hit the goblin.
The goblin is severely wounded.
The goblin barely misses you.
You closely miss the goblin.
The goblin is severely wounded.
The goblin hits you with a +0 club. The goblin hits you but does no damage.
You are too injured to fight recklessly!
You are too injured to fight recklessly!
You are too injured to fight recklessly!
You barely miss the goblin.
The goblin is severely wounded.
The goblin hits you with a +0 club.
You closely miss the goblin.
The goblin is severely wounded.
The goblin hits you with a +0 club.
* * * LOW HITPOINT WARNING * * *
The goblin barely misses you.
You hit the goblin.
You kill the goblin!
You see here a +0 club.
A bat comes into view.
You are too injured to fight recklessly!
Casting: Sandblast (safe; 6% risk of failure)
Confirm with . or Enter, or press ? or * to list all spells.
Aiming: Sandblast (safe; 6% risk of failure)
Press: ? - help, Shift-Dir - straight line, f - bat
Aim: a bat (69% to hit)
The blast of sand hits the bat.
You kill the bat!
Your Earth Magic skill increases to level 3!
You have reached level 2!
You feel monstrous as your demonic heritage exerts itself.
Your demonic ancestry asserts itself...
Your feet thicken and deform.
You see here a +0 club.
There is an open door here.
There is an open door here.
There is a staircase leading out of the dungeon here.
Are you sure you want to leave the Dungeon?
This will make you lose the game!
You have escaped!

#≈.P≈≈. .≈≈PP≈
#≈..≈≈♣.♣≈≈..≈
#≈PP≈≈♣♣P≈≈♣♣≈
#≈PP≈≈PP♣≈≈.P≈
#≈P.≈≈P♣P≈≈P♣≈
#####≈P♣≈≈≈≈≈≈≈♣♣≈
#...#≈PP≈.....≈PP≈
#...#≈≈≈≈.###.≈≈≈≈
#@..'.....#§#.....
#...#≈≈≈≈.###.≈≈≈≈
#...#≈♣♣≈.....≈♣♣≈
#####≈PP≈≈≈≈≈≈≈♣P≈
#≈PP≈≈♣♣.≈≈♣♣≈
#≈P.≈≈.P♣≈≈♣P≈ ...
#.#≈♣♣≈≈P.P≈≈.P≈
....
#.#≈♣.≈≈PP♣≈≈♣P≈
....
#.#≈PP≈≈P.P≈≈.P≈


There were no monsters in sight!

Vanquished Creatures
  2 ball pythons (D:1)
  A bat (D:1)
  An endoplasm (D:1)
  A goblin (D:1)
  A quokka (D:1)
  A frilled lizard (D:1)
7 creatures vanquished.

Notes
Turn   | Place    | Note
-------+----------+-------------------------------------------
     0 | D:1      | Essalna the Demonspawn Earth Elementalist began the quest
                  | for the Orb.
     0 | D:1      | Reached XP level 1. HP: 13/13 MP: 3/3
   280 | D:1      | Reached skill level 3 in Earth Magic
   280 | D:1      | Discovered your monstrous ancestry.
   280 | D:1      | Gained mutation: You have large cloven feet. [demonic
                  | ancestry]
   280 | D:1      | Reached XP level 2. HP: 3/19 MP: 3/5
   326 | D:$      | Got out of the dungeon alive.

Illustrated notes

Levels and vault maps discovered:
D:1:      lightli_arrival_farm, layout_basic, serial_shops,
          nicolae_shop_hallway_plus, kennysheep_small_spiral,
          minmay_crystal_water, minmay_three_crescents

Skill      XL: |  1 |
---------------+----+-----
Earth Magic    | 3 |  3.0
Dodging        | |  1.7
Stealth        | |  1.7
Spellcasting   | |  2.3
Transmutations | |  0.8

Action                   || total
-------------------------++-------
Melee: War axe           ||     6
 Cast: Sandblast         ||     9
Armor: Robe              ||     1
Dodge: Dodged            ||     7

Table legend: (Time is in decaauts)
 A = Elapsed time spent in this place.
 B = Non-inter-level travel time spent in this place.
 C = Inter-level travel time spent in this place.
 D = Time resting spent in this place.
 E = Time spent auto-exploring this place.
 F = Levels seen in this place.
 G = Mean time per level.
                   A        B        C        D        E       F      G
               +--------+--------+--------+--------+--------+-----+--------+
         Total |    335 |    290 |     45 |      0 |    236 |   1 |  335.0 |
       Dungeon |    335 |    290 |     45 |      0 |    236 |   1 |  335.0 |
               +--------+--------+--------+--------+--------+-----+--------+

Top non-repeatable levels by time:
     D:1: 335 daAuts
